 Dungeon Crawl Stone Soup version 0.19.4-12-gccf7e64 (console) character file.

39246 Grinner the Protected (level 13, -18/113 HPs)
             Began as a Troll Fighter on Feb 27, 2017.
             Was an Initiate of Qazlal.
             Killed from afar by jiveturtle's ghost (40 damage)
             ... with a bolt of negative energy
             ... on level 11 of the Dungeon.
             The game lasted 01:03:02 (15230 turns).

Grinner the Protected (Troll Fighter)              Turns: 15230, Time: 01:03:02

Health: -18/113    AC: 18    Str: 28    XL:     13   Next: 68%
Magic:  9/10       EV:  7    Int:  7    God:    Qazlal [......]
Gold:   1153       SH: 14    Dex: 11    Spells: 3 memorised, 5 levels left

rFire  . . .     SeeInvis .       - Unarmed
rCold  + + .     Gourm    +     h - +1 ice dragon scales
rNeg   . . .     Faith    .     b - +0 shield
rPois  .         Spirit   .     (helmet restricted)
rElec  .         Reflect  +     W - +0 cloak
rCorr  .         Harm     .     (gloves unavailable)
MR     .....                    (boots unavailable)
Stlth  ..........               V - +4 amulet of reflection
                                k - ring of protection from fire
                                M - ring of wizardry

@: lethally poisoned (-18 -> -19), about to teleport, very heavily drained
A: unfitting armour, claws 3, rugged brown scales 1, blurry vision 2, clever 1,
fast metabolism 3, gourmand, low mp 1, regeneration 1, shaggy fur 1, tough skin
2, sturdy frame 1
a: Renounce Religion


You were on level 11 of the Dungeon.
You worshipped Qazlal.
Qazlal was noncommittal.
You were not hungry.

You visited 4 branches of the dungeon, and saw 19 of its levels.
You also visited: Volcano.

You collected 1153 gold pieces.

Inventory:

Hand Weapons
 T - a +4 scimitar of flaming
Missiles
 P - 10 large rocks (quivered)
Armour
 b - a +0 shield (worn)
 h - +1 ice dragon scales (worn)
 W - a +0 cloak (worn)
Jewellery
 c - the ring "Idiqoone" {rElec rPois rF- MR+ Int+5}
   (You found it on level 9 of the Dungeon)

   [ring of protection from magic]

   It affects your intelligence (+5).
   It makes you vulnerable to fire.
   It insulates you from electricity.
   It protects you from poison.
   It affects your resistance to hostile enchantments.
 e - an uncursed ring of poison resistance
 g - an uncursed ring of resist corrosion
 k - a ring of protection from fire (right claw)
 n - an uncursed amulet of the gourmand {unknown}
 s - an uncursed ring of positive energy
 L - an uncursed ring of see invisible
 M - a ring of wizardry (left claw)
 V - a +4 amulet of reflection (around neck)
 Z - an uncursed ring of flight
Wands
 u - a wand of digging (7/24)
 v - a wand of disintegration (2/24)
 D - a wand of polymorph (13/24)
 G - a wand of iceblast (2/15)
 H - a wand of paralysis (0/24)
 R - a wand of heal wounds (3/9)
 S - a wand of acid (7/15)
 X - a wand of lightning (7/15)
 Y - a wand of disintegration (7/24)
Scrolls
 a - a scroll of fear
 f - 3 scrolls of identify
 o - 3 scrolls of recharging
 p - 4 scrolls of remove curse
 x - 3 scrolls of blinking
 y - a scroll of enchant weapon
 B - a scroll of fog
 E - a scroll of vulnerability
 K - a scroll of teleportation
Potions
 j - a potion of might
 l - a potion of cure mutation
 q - 2 potions of lignification
 r - a potion of brilliance
 J - a potion of curing
 N - 2 potions of cancellation
Books
 t - a book of Conjurations

   Spells                             Type                      Level
   a - Magic Dart                     Conjuration                  1
   b - Searing Ray                    Conjuration                  2
   c - Dazzling Spray                 Conjuration/Hexes            3
   d - Fulminant Prism                Conjuration/Hexes            4
   e - Iskenderun's Mystic Blast      Conjuration                  4
   f - Iskenderun's Battlesphere      Conjuration/Charms           5
 z - a book of Frost

   Spells                             Type                      Level
   a - Freeze                         Ice                          1
   b - Throw Frost                    Conjuration/Ice              2
   c - Ozocubu's Armour               Charms/Ice                   3
   d - Throw Icicle                   Conjuration/Ice              4
   e - Summon Ice Beast               Ice/Summoning                4
 A - a book of Maledictions

   Spells                             Type                      Level
   a - Corona                         Hexes                        1
   b - Ensorcelled Hibernation        Hexes/Ice                    2
   c - Confuse                        Hexes                        3
   d - Tukima's Dance                 Hexes                        3
   e - Dazzling Spray                 Conjuration/Hexes            3
 I - a book of Changes

   Spells                             Type                      Level
   a - Beastly Appendage              Transmutation                1
   b - Sticks to Snakes               Transmutation                2
   c - Spider Form                    Transmutation/Poison         3
   d - Ice Form                       Ice/Transmutation            4
   e - Blade Hands                    Transmutation                5
 O - a book of Cantrips

   Spells                             Type                      Level
   a - Confusing Touch                Hexes                        1
   b - Animate Skeleton               Necromancy                   1
   c - Summon Small Mammal            Summoning                    1
   d - Apportation                    Translocation                1
Comestibles
 d - 10 bread rations
 i - 6 beef jerkies
 m - 4 meat rations
 w - 9 slices of pizza
 C - 16 fruits


   Skills:
 - Level 2.4(0.0) Fighting
 - Level 2.6(0.0) Long Blades
 - Level 3.0(0.0) Throwing
 - Level 11.7(7.9) Armour
 - Level 2.4(0.0) Dodging
 - Level 9.7(6.1) Shields
 + Level 11.3(7.5) Unarmed Combat
 * Level 5.6(2.3) Hexes
 * Level 4.9(1.7) Transmutations


You had 5 spell levels left.
You knew the following spells:

 Your Spells              Type           Power        Failure   Level  Hunger
c - Confusing Touch       Hex            #.....       36%         1    ##.....
x - Blade Hands           Tmut           #.........   100%        5    ######.
z - Beastly Appendage     Tmut           #.....       45%         1    ##.....


Dungeon Overview and Level Annotations

Branches:
Dungeon (11/15)            Temple (1/1) D:4            Lair (6/6) D:10
  Swamp (0/4) Lair:2       Spider (0/4) Lair:2        Slime (1/5) Lair:5
    Orc (0/2) D:10

Altars:
Ashenzari
Cheibriados
Dithmenos
Elyvilon
Fedhas
Gozag
Hepliaklqana
Kikubaaqudgha
Makhleb
Nemelex Xobeh
Okawaru
Qazlal
Ru
Sif Muna
Trog
Uskayaw
Vehumet
Xom
Yredelemnul
Zin
The Shining One
Beogh

Shops:
D:4 (   D:9 (   D:10 (

Annotations:
D:11 jiveturtle's ghost, journeyman DrCj


Innate Abilities, Weirdness & Mutations

You are too large for most types of armour.
You have claws for hands.
Your metabolism is lightning-fast.
You like to eat raw meat.
Your natural rate of healing is unusually fast.
You are covered in fur. (AC +1)
You have very tough skin. (AC +2)
You are partially covered in rugged brown scales. (AC +1, +3% HP)
Scrolls take you longer to read.
Your mind is acute. (Int +2)
Your magical capacity is low. (-10% MP)
Your movements are slightly less encumbered by armour. (ER -2)


Message History

* * * LOW HITPOINT WARNING * * *
You begin reading the scroll.
You continue reading the scroll.
You feel sick. Something hits you!
* * * LOW HITPOINT WARNING * * *
Jiveturtle's ghost casts a spell at you.
The ball explodes into a vile cloud!
The stinking cloud engulfs you!
The stinking cloud engulfs jiveturtle's ghost.
Jiveturtle's ghost appears unharmed.
As you read the scroll of teleportation, it crumbles to dust.
You feel strangely unstable.
You feel better.
Something closely misses jiveturtle's ghost.
Jiveturtle's ghost hits you but does no damage.
You are poisoned.
You feel sick. Something hits you but does no damage.
Found a bread ration.
You feel sick.
Jiveturtle's ghost breathes negative energy at you.
The bolt of negative energy hits you!
You feel drained.
You die...

#...$...........# #..###.
#..........)....###...# #.
....###..................###.
..### #...........#...##.....
. #..#........#.## #.....
#####..§.§#{#.###.# #.....
##......§W...#..... #......
#.........§..#..... ........
............@...............>
#......$..........%..........
#.....(.............. .......
#................... ).....
#................... .....
##.................. ....
##................. ..
#####..#.......... ..
##.#....... . .


You could see jiveturtle's ghost.

Vanquished Creatures
  The ghost of blobert the Slicer, a journeyman HaBe of Trog (Lair:5)
  Josephine (Lair:4)
  2 hydras
  Erica (D:8)
  2 centaur warriors
  The ghost of Saba the Markscentaur, a novice CeHu of Okawaru (D:7)
  3 wizards (Volcano)
  A lindwurm (Lair:6)
  Pikel (D:7)
  2 cyclopes (D:8)
  An ugly thing (D:11)
  7 elephants
  2 toenail golems (Volcano)
  6 black mambas
  5 spiny frogs
  2 rime drakes
  A kobold demonologist (D:10)
  4 komodo dragons
  2 trolls
  4 polar bears
  A jumping spider (Lair:2)
  7 blink frogs
  7 hippogriffs
  5 dream sheep (Lair:5)
  4 wraiths
  A yak (shapeshifter) (D:11)
  A human (D:7)
  A wyvern (Lair:3)
  26 yaks
  5 basilisks
  4 hogs (D:7)
  3 chaos spawn (D:8)
  Duvessa (D:6)
  16 water moccasins
  6 porcupines
  7 orc warriors
  An ice beast (D:6)
  5 sky beasts
  A slave (D:7)
  4 black bears
  2 phantoms
  8 ogres
  2 centaurs
  13 crocodiles
  2 big kobolds
  13 bullfrogs
  6 gnoll sergeants (D:9)
  A water moccasin zombie (D:5)
  2 scorpions
  Dowan (D:6)
  6 killer bees (D:8)
  6 wights
  An electric eel (Lair:1)
  3 howler monkeys
  8 crimson imps
  A quasit (D:9)
  A bullfrog zombie (D:7)
  7 orc priests
  5 gnoll shamans
  14 jellies
  16 hounds
  2 orc wizards
  A bullfrog skeleton (D:8)
  3 iguanas
  Natasha (thrice) (D:2 D:3)
  2 worker ants
  A hound skeleton (D:7)
  48 gnolls
  13 adders
  A river rat (D:10)
  2 shadow imps
  3 oozes
  A dart slug (D:1)
  5 leopard geckos
  49 orcs
  4 bats
  7 giant cockroaches
  3 goblins
  4 hobgoblins
  18 jackals
  14 kobolds
  4 quokkas
  A ball python (D:6)
  6 frilled lizards
  A giant cockroach zombie (D:5)
  A leopard gecko skeleton (D:5)
  A leopard gecko zombie (D:5)
  A quokka zombie (D:8)
  5 rats
477 creatures vanquished.

Vanquished Creatures (others)
  Sonja (Lair:3)
  An orc warrior (D:8)
  3 slaves (D:7)
  2 centaurs
  A centaur skeleton (D:7)
  A gnoll (D:9)
  10 fungi
  8 plants
27 creatures vanquished.

Grand Total: 504 creatures vanquished

Notes
Turn   | Place    | Note
-------+----------+-------------------------------------------
     0 | D:1      | Grinner the Troll Fighter began the quest for the Orb.
     0 | D:1      | Reached XP level 1. HP: 22/22 MP: 0/0
   206 | D:1      | Reached XP level 2. HP: 29/29 MP: 1/1
   532 | D:2      | Reached skill level 1 in Armour
   532 | D:2      | Reached XP level 3. HP: 34/36 MP: 2/2
   745 | D:2      | Noticed Natasha
   764 | D:2      | Killed Natasha
   764 | D:2      | Reached XP level 4. HP: 38/44 MP: 3/3
   810 | D:2      | Noticed Natasha
   821 | D:2      | Killed Natasha
   993 | D:3      | Found a glowing golden altar of the Shining One.
  1029 | D:3      | Noticed an ogre
  1059 | D:3      | Killed an ogre
  1059 | D:3      | Reached XP level 5. HP: 50/50 MP: 4/4
  1122 | D:3      | Noticed Natasha
  1134 | D:3      | Killed Natasha
  1134 | D:3      | Reached XP level 6. HP: 59/59 MP: 5/5
  1551 | D:4      | Found a staircase to the Ecumenical Temple.
  1663 | D:4      | Found Nibe's Weapon Boutique.
  1911 | D:5      | Entered Level 5 of the Dungeon
  1999 | D:5      | Reached XP level 7. HP: 64/66 MP: 6/6
  2019 | D:5      | Reached skill level 5 in Shields
  2106 | D:5      | Found a shadowy altar of Dithmenos.
  2773 | D:6      | Reached XP level 8. HP: 74/74 MP: 7/7
  2888 | D:6      | Found a basalt altar of Yredelemnul.
  3024 | D:6      | Noticed Dowan
  3051 | D:6      | Killed Dowan
  3051 | D:6      | Reached skill level 5 in Armour
  3053 | D:6      | Noticed Duvessa
  3065 | D:6      | Killed Duvessa
  3076 | D:6      | Found a blossoming altar of Fedhas.
  3250 | D:6      | Reached skill level 5 in Unarmed Combat
  3510 | D:6      | Gained mutation: You are clumsy. (Dex -2) [potion of mutation]
  3510 | D:6      | Gained mutation: You are partially covered in rugged brown scales. (AC +1, +3% HP) [potion of mutation]
  3510 | D:6      | Gained mutation: Your body sometimes deteriorates upon taking damage. [potion of mutation]
  3511 | D:6      | Gained mutation: Scrolls take you a little longer to read. [potion of mutation]
  3511 | D:6      | Gained mutation: You are robust. (+10% HP) [potion of mutation]
  3511 | D:6      | Gained mutation: Your magical capacity is low. (-10% MP) [potion of mutation]
  3583 | D:7      | Lost mutation: Your body sometimes deteriorates upon taking damage. [mutagenic meat]
  3584 | D:7      | Gained mutation: Your flesh is heat resistant. (rF+) [mutagenic meat]
  3585 | D:7      | Lost mutation: You are clumsy. (Dex -2) [mutagenic meat]
  3589 | D:7      | Gained mutation: Armour fits poorly on your strangely shaped body. [mutagenic meat]
  3590 | D:7      | Gained mutation: Your movements are slightly less encumbered by armour. (ER -2) [mutagenic meat]
  3610 | D:7      | Reached XP level 9. HP: 90/90 MP: 7/7
  3723 | D:7      | Noticed Pikel
  3750 | D:7      | Killed Pikel
  3976 | D:7      | Noticed Saba's ghost (novice CeHu)
  3994 | D:7      | Killed Saba's ghost
  4178 | D:7      | Reached XP level 10. HP: 97/99 MP: 8/8
  4269 | D:7      | You fall through a shaft for 2 floors!
  4421 | D:8      | Got a fine robe
  4426 | D:8      | Found a shimmering altar of Xom.
  4578 | D:8      | Noticed a cyclops
  4612 | D:8      | Noticed a centaur warrior
  4674 | D:8      | Killed a centaur warrior
  4705 | D:8      | Killed a cyclops
  4751 | D:8      | Learned a level 1 spell: Confusing Touch
  4760 | D:8      | Noticed a cyclops
  4774 | D:8      | Killed a cyclops
  4899 | D:8      | Noticed Erica
  4922 | D:8      | Killed Erica
  5001 | D:8      | Noticed a dagger
  5001 | D:8      | Noticed a hand axe
  5006 | D:8      | Found a hide-covered altar of Uskayaw.
  5049 | D:8      | Found an opulent altar of Gozag.
  5123 | D:8      | Reached XP level 11. HP: 106/106 MP: 8/8
  5473 | D:8      | Found a roughly hewn altar of Beogh.
  6002 | D:9      | Got a vibrating bone ring
  6114 | D:9      | Identified the ring "Idiqoone" {rElec rPois rF- MR+ Int+5} (You found it on level 9 of the Dungeon)
  6557 | D:9      | Found Lule's Antique Weapon Shoppe.
  6920 | D:9      | Reached skill level 10 in Armour
  7100 | D:10     | Entered Level 10 of the Dungeon
  7318 | D:10     | Found a staircase to the Orcish Mines.
  7469 | D:10     | Gained mutation: Your mind is acute. (Int +2) [mutagenic meat]
  7470 | D:10     | Gained mutation: You are mostly covered in rugged brown scales. (AC +2, +5% HP) [mutagenic meat]
  7487 | D:10     | Found a staircase to the Lair.
  7544 | D:10     | Noticed a centaur warrior
  7562 | D:10     | Killed a centaur warrior
  7700 | D:10     | Reached XP level 12. HP: 103/119 MP: 9/9
  7715 | D:10     | Found Oheku's Weapon Emporium.
  8486 | Lair:1   | Entered Level 1 of the Lair of Beasts
  8486 | Lair:1   | Noticed an eight-headed hydra
  8516 | Lair:1   | Killed a three-headed hydra
  8518 | Lair:1   | Reached skill level 10 in Unarmed Combat
  8877 | Lair:1   | Reached skill level 1 in Hexes
  8898 | Lair:1   | Reached skill level 1 in Long Blades
  9535 | Lair:2   | Found a dark tunnel.
  9549 | Volcano  | Entered a volcano
  9549 | Volcano  | Noticed Grinner's ghost (journeyman TrFi)
  9622 | Volcano  | Reached skill level 1 in Throwing
 10280 | Lair:2   | Learned a level 1 spell: Beastly Appendage
 10286 | Lair:2   | Learned a level 5 spell: Blade Hands
 10302 | Lair:2   | Found a hole to the Spider Nest.
 10316 | Lair:2   | Found a staircase to the Swamp.
 10822 | Lair:3   | Reached skill level 1 in Transmutations
 11235 | Lair:3   | Noticed Sonja
 11298 | Lair:3   | Killed Sonja
 11907 | Lair:4   | Noticed Josephine
 11911 | Lair:4   | Noticed an eight-headed hydra
 11990 | Lair:4   | Killed Josephine
 11990 | Lair:4   | Reached XP level 13. HP: 59/126 MP: 7/10
 12557 | Lair:5   | Noticed blobert's ghost (journeyman HaBe)
 12653 | Lair:5   | Killed blobert's ghost
 13513 | Lair:5   | Reached skill level 5 in Hexes
 13756 | Lair:5   | Found a staircase to the Slime Pits.
 13952 | Slime:1  | Entered Level 1 of the Pits of Slime
 13952 | Slime:1  | Noticed an acid blob
 13978 | Lair:6   | Entered Level 6 of the Lair of Beasts
 14758 | Temple   | Entered the Ecumenical Temple
 14919 | Temple   | Became a worshipper of Qazlal Stormbringer
 15100 | D:11     | Gained mutation: Your muscles are strong. (Str +2) [potion of mutation]
 15100 | D:11     | Gained mutation: Your mind is very acute. (Int +4) [potion of mutation]
 15139 | D:11     | Gained mutation: Scrolls take you longer to read. [mutagenic meat]
 15140 | D:11     | Lost mutation: Your mind is very acute. (Int +4) [mutagenic meat]
 15169 | D:11     | Noticed jiveturtle's ghost (journeyman DrCj)
 15185 | D:11     | Lost mutation: You are robust. (+10% HP) [potion of cure mutation]
 15185 | D:11     | Lost mutation: You are mostly covered in rugged brown scales. (AC +2, +5% HP) [potion of cure mutation]
 15185 | D:11     | Lost mutation: Your muscles are strong. (Str +2) [potion of cure mutation]
 15185 | D:11     | Lost mutation: Your flesh is heat resistant. (rF+) [potion of cure mutation]
 15185 | D:11     | Lost mutation: Armour fits poorly on your strangely shaped body. [potion of cure mutation]
 15230 | D:11     | Killed from afar by jiveturtle's ghost

Skill      XL: |  1  2  3  4  5  6  7  8  9 10 11 12 13 |
---------------+----------------------------------------+-----
Shields        | 3 4 5 6 8 9 |  9.7
Armour         | 1 2 3 4 5 7 8 11 | 11.7
Unarmed Combat | 3 4 5 6 7 9 10 11 | 11.3
Hexes          | 3 5 |  5.6
Long Blades    | 2 |  2.6
Throwing       | 2 3 |  3.0
Transmutations | 2 4 |  4.9
Fighting       | |  2.4
Dodging        | |  2.4

Action                   |  1- 3 |  4- 6 |  7- 9 | 10-12 | 13-15 || total
-------------------------+-------+-------+-------+-------+-------++-------
Melee: Unarmed           |    88 |   161 |   280 |  1176 |   439 ||  2144
       Scimitar          |       |       |       |    22 |     6 ||    28
       Headbutt          |       |       |       |       |     2 ||     2
       Kick              |       |       |       |       |     1 ||     1
Throw: Large rock        |       |       |       |     6 |       ||     6
 Cast: Confusing Touch   |       |       |       |    11 |     8 ||    19
       Beastly Appendage |       |       |       |       |     3 ||     3
Evoke: Wand              |       |       |     2 |    12 |       ||    14
  Use: Potion            |       |       |    10 |    11 |     5 ||    26
       Scroll            |       |       |     4 |    20 |     4 ||    28
 Stab: Paralysed         |       |       |       |     4 |       ||     4
       Confused          |       |       |       |     3 |     4 ||     7
  Eat: Chunk             |    12 |     7 |    31 |    66 |    34 ||   150
       Bread ration      |       |       |       |     2 |       ||     2
Armor: Robe              |     8 |       |       |       |       ||     8
       Ice dragon scales |    32 |    62 |    98 |   298 |   165 ||   655
       Skin              |       |       |       |    40 |       ||    40
Dodge: Dodged            |    19 |    41 |    59 |   226 |    78 ||   423
Block: Shield            |    34 |    79 |   187 |   874 |   289 ||  1463
       Reflection        |       |       |     2 |    52 |     3 ||    57
       Rpst.: Scimitar   |       |       |       |     3 |       ||     3
